 Dungeon Crawl Stone Soup version 0.28.0 (webtiles) character file.

Game seed: 8097365520849247964

12746 RighteousDevil the Brawler (level 11, -2/115 HPs)
             Began as a Troll Monk on Feb 15, 2022.
             Slain by a cane toad (13 damage)
             ... on level 3 of the Lair of Beasts.
             The game lasted 00:17:47 (8720 turns).

RighteousDevil the Brawler (Troll Monk)             Turns: 8720, Time: 00:17:47

Health: -2/115     AC: 12    Str: 21 (23) XL:     11   Next: 66%
Magic:  0/10       EV: 10    Int:  6      God:
Gold:   581        SH:  0    Dex: 14      Spells: 10/10 levels left

rFire   . . .      SeeInvis +     - Unarmed
rCold   . . .      Faith    .   (no shield)
rNeg    . . .      Spirit   +   s - +0 acid dragon scales
rPois   .          Reflect  .   (helmet restricted)
rElec   .          Harm     .   (no cloak)
rCorr   +          Rampage  .   (gloves unavailable)
Will    .....                   (boots unavailable)
Stlth   +.........              C - amulet of guardian spirit
HPRegen 1.09/turn               f - +4 ring of protection
MPRegen 0.12/turn               r - ring of see invisible

@: no status effects
A: large, unfitting armour, claws 3, regeneration 1, shaggy fur 1, tough skin 1
a: no special abilities


You were on level 3 of the Lair of Beasts.
You visited 3 branches of the dungeon, and saw 16 of its levels.

You collected 798 gold pieces.
You spent 217 gold pieces at shops.

Inventory:

Hand Weapons
 a - a +3 dire flail of protection
Missiles
 B - 2 throwing nets (quivered)
Armour
 i - the +1 robe "Egoemm" {Slay+2 SInv}
   (You found it on level 5 of the Dungeon)

   Slay:      It affects your accuracy & damage with ranged weapons and melee
   (+2).
   SInv:      It lets you see invisible.
 s - +0 acid dragon scales (worn)
Jewellery
 e - a +6 ring of dexterity
 f - a +4 ring of protection (left claw)
 p - a ring of protection from fire
 r - a ring of see invisible (right claw)
 C - an amulet of guardian spirit (around neck)
Wands
 k - a wand of acid (7)
 n - a wand of paralysis (16)
 t - a wand of polymorph (14)
Scrolls
 g - a scroll of blinking
 h - a scroll of teleportation
 q - a scroll of identify
 v - 3 scrolls of amnesia
 w - a scroll of magic mapping
 D - 4 scrolls of summoning
Potions
 c - 3 potions of berserk rage
 d - 2 potions of haste
 j - 2 potions of curing
 l - 2 potions of mutation
 m - a potion of brilliance
 u - a potion of ambrosia
 z - 6 potions of flight


   Skills:
 + Level 9.6 Fighting
 - Level 2.4 Dodging
 - Level 1.0 Stealth
 * Level 15.5 Unarmed Combat


You had 10 spell levels left.
You didn't know any spells.
Your spell library contained the following spells:

 Spells                   Type           Power      Damage    Failure   Level
 Beastly Appendage        Tmut           0%         N/A       54%         1
 Freeze                   Ice            0%         1d3       54%         1
 Pain                     Necr           0%         1d4       54%         1
 Shock                    Conj/Air       0%         1d3       54%         1
 Slow                     Hex            0%         N/A       54%         1
 Sting                    Tmut/Pois      0%         1d3       54%         1
 Summon Small Mammal      Summ           0%         N/A       54%         1
 Blink                    Tloc           0%         N/A       67%         2
 Poisonous Vapours        Pois/Air       0%         N/A       67%         2
 Sublimation of Blood     Necr           0%         N/A       67%         2
 Wereblood                Tmut           0%         N/A       67%         2
 Confusing Touch          Hex            0%         N/A       88%         3
 Frozen Ramparts          Ice            0%         1d2       88%         3
 Inner Flame              Hex/Fire       0%         N/A       88%         3
 Lesser Beckoning         Tloc           0%         N/A       88%         3
 Stone Arrow              Conj/Erth      0%         3d7       88%         3
 Swiftness                Air            0%         N/A       88%         3
 Vampiric Draining        Necr           0%         2d6       88%         3
 Airstrike                Air            0%         N/A       99%         4
 Animate Armour           Summ/Erth      0%         N/A       99%         4
 Cause Fear               Hex            0%         N/A       99%         4
 Hailstorm                Conj/Ice       0%         3d3       99%         4
 Ice Form                 Ice/Tmut       0%         N/A       99%         4
 Olgreb's Toxic Radiance  Pois           0%         N/A       99%         4
 Summon Ice Beast         Ice/Summ       0%         N/A       99%         4
 Agony                    Necr           0%         N/A       100%        5
 Excruciating Wounds      Necr           0%         N/A       100%        5
 Manifold Assault         Tloc           0%         N/A       100%        5
 Summon Hydra             Summ           0%         N/A       100%        7
 Discord                  Hex            0%         N/A       100%        8
 Lehudib's Crystal Spear  Conj/Erth      0%         10d2      100%        8


Dungeon Overview and Level Annotations

Branches:
Dungeon (11/15)            Temple (1/1) D:6            Lair (4/6) D:11
    Orc (0/2) D:9
  Swamp: Lair:2-4    Shoals: Lair:2-4     Snake: Lair:2-4    Spider: Lair:2-4

Altars:
Ashenzari
Cheibriados
Dithmenos
Elyvilon
Fedhas
Gozag
Hepliaklqana
Kikubaaqudgha
Makhleb
Nemelex Xobeh
Okawaru
Qazlal
Ru
Sif Muna
Trog
Uskayaw
Vehumet
Wu Jian
Xom
Yredelemnul
Zin
The Shining One

Shops:
D:7 ?   D:8 *   D:9 (   D:11 *

Annotations:
D:6 1 runed translucent door, Crazy Yiuf
D:7 3 runed translucent doors, Anonymone's ghost, novice DsGl


Innate Abilities, Weirdness & Mutations

You are too large for most types of armour.
You have claws for hands.
Your natural rate of healing is unusually fast.
You are covered in fur. (AC +1)
You have tough skin. (AC +1)


Message History

The cane toad is moderately wounded.
You feel extremely sick.
The cane toad stings you but does no damage.
The cane toad stings you!
You barely miss the cane toad.
The cane toad is moderately wounded.
You feel very sick. The cane toad stings you!! The cane toad stings you.
You sock the cane toad!
The cane toad is severely wounded.
You feel very sick. The cane toad stings you.
The cane toad stings you but does no damage.
You barely miss the cane toad.
The cane toad is severely wounded.
You feel sick. The cane toad barely misses you. The cane toad stings you!
You are more poisoned.
The cane toad poisons you!
You hit the cane toad.
The cane toad is severely wounded.
You feel extremely sick. The cane toad barely misses you.
The cane toad stings you!!
* * * LOW HITPOINT WARNING * * *
You are more poisoned.
The cane toad poisons you!
You feel better. The cane toad stings you!
* * * LOW HITPOINT WARNING * * *
The cane toad stings you but does no damage.
You barely miss the cane toad.
The cane toad is severely wounded.
The cane toad stings you but does no damage.
The cane toad closely misses you.
You completely miss the cane toad.
The cane toad is severely wounded.
The cane toad barely misses you. The cane toad stings you!!
* * * LOW HITPOINT WARNING * * *
Unknown command.
You are now empty-clawed.
You drop a +3 giant spiked club.
The cane toad stings you!
You die...

.......#.......... ...
.#♣.<..'.♣.>.♣..♣. P.#.
.......#.......... #.#.
+...♣.##.......... #
...##......♣.$#..# .P
........##......#### ...
.........#.........#....
..........#....♣........
............#...@.........
#...##......#..F.........#
##### #......##....#....P#
........####.....P#
......#..##......# .....
#..##......# ....
#...#......#. ...
#..!#........# ..
.##.###......##


You could see a cane toad.

Vanquished Creatures
  A ghost moth (Lair:3)
  Snorg (D:10)
  Josephine (D:10)
  2 black mambas
  Joseph (D:7)
  3 cane toads
  A gargoyle (D:10)
  4 komodo dragons
  A troll (D:9)
  A shadow (D:10)
  A vampire (D:10)
  4 wraiths (D:10)
  A wyvern (Lair:3)
  6 yaks
  A basilisk (Lair:1)
  2 steam dragons
  Edmund (D:6)
  3 wargs (D:8)
  2 acid dragons
  A water moccasin (Lair:1)
  2 black bears (D:4)
  4 orc warriors
  A hornet zombie (D:6)
  An ogre (D:4)
  3 ice beasts
  A sky beast (D:6)
  A necrophage (D:7)
  4 centaurs
  A kobold brigand (D:10)
  8 bullfrogs
  A wyvern zombie (D:8)
  2 gnoll sergeants (D:8)
  A wyvern skeleton (D:7)
  2 water moccasin zombies (D:5)
  A water moccasin skeleton (D:5)
  3 wights
  A killer bee (D:10)
  2 howler monkeys (D:8)
  A crimson imp (D:7)
  A bullfrog zombie (D:6)
  2 centaur zombies
  4 hounds
  4 centaur skeletons
  A jelly (D:5)
  4 orc priests
  A gnoll shaman (D:5)
  A bullfrog skeleton (D:6)
  3 iguanas (D:6)
  5 orc wizards
  A killer bee zombie (D:8)
  A hound skeleton (D:5)
  A howler monkey zombie (D:9)
  2 adders
  19 gnolls
  A shadow imp (D:6)
  2 white imps
  A dart slug (D:4)
  A worm (D:5)
  24 orcs
  9 ball pythons
  11 endoplasms
  4 giant cockroaches
  7 goblins
  9 hobgoblins
  6 jackals
  11 kobolds
  6 quokkas
  4 bats
  5 frilled lizards
  3 goblin zombies (D:7)
  2 hobgoblin zombies (D:7)
  A kobold zombie (D:7)
  2 orc skeletons (D:7)
  An orc zombie (D:7)
  A quokka skeleton (D:4)
  3 rats
242 creatures vanquished.

Vanquished Creatures (others)
  6 plants
6 creatures vanquished.

Grand Total: 248 creatures vanquished

Notes
Turn   | Place    | Note
-------+----------+-------------------------------------------
     0 | D:1      | RighteousDevil the Troll Monk began the quest for the Orb.
     0 | D:1      | Reached XP level 1. HP: 22/22 MP: 0/0
   203 | D:1      | Reached XP level 2. HP: 28/29 MP: 1/1
   530 | D:1      | Reached XP level 3. HP: 36/36 MP: 2/2
   756 | D:2      | Reached skill level 4 in Unarmed Combat
   960 | D:2      | Found a faded altar of an unknown god.
   968 | D:2      | Got Plato's Grimoire of Summoning
  1122 | D:3      | Found a hide-covered altar of Uskayaw.
  1187 | D:3      | Reached XP level 4. HP: 45/45 MP: 3/3
  1464 | D:3      | Got Witchcraft, Part One
  1570 | D:4      | Noticed an ogre
  1582 | D:4      | Killed an ogre
  1583 | D:4      | Reached skill level 5 in Unarmed Combat
  1583 | D:4      | Reached XP level 5. HP: 25/53 MP: 4/4
  1692 | D:4      | Noticed a black bear
  1697 | D:4      | Killed a black bear
  1698 | D:4      | Reached XP level 6. HP: 59/62 MP: 5/5
  1719 | D:4      | Reached skill level 6 in Unarmed Combat
  2016 | D:4      | Reached XP level 7. HP: 58/70 MP: 6/6
  2228 | D:5      | Entered Level 5 of the Dungeon
  2275 | D:5      | Reached skill level 7 in Unarmed Combat
  2367 | D:5      | Identified the +9 battleaxe of Racaus {vorpal, Str+4 Dex+2}
  2373 | D:5      | Identified the +1 robe "Egoemm" {Slay+2 SInv}
  2639 | D:5      | Reached skill level 8 in Unarmed Combat
  2758 | D:6      | Noticed a steam dragon
  2766 | D:6      | Killed a steam dragon
  2767 | D:6      | Reached skill level 5 in Fighting
  2767 | D:6      | Reached XP level 8. HP: 46/80 MP: 7/7
  2836 | D:6      | Noticed Edmund
  2850 | D:6      | Killed Edmund
  2853 | D:6      | Reached skill level 9 in Unarmed Combat
  3058 | D:6      | Found a staircase to the Ecumenical Temple.
  3081 | Temple   | Entered the Ecumenical Temple
  3379 | D:6      | Found a basalt altar of Yredelemnul.
  3414 | D:6      | Reached skill level 10 in Unarmed Combat
  3550 | D:6      | Found a runed translucent door.
  3551 | D:6      | Noticed Crazy Yiuf
  3914 | D:7      | Found a glowing golden altar of the Shining One.
  3930 | D:7      | Reached XP level 9. HP: 89/89 MP: 8/8
  3978 | D:7      | Found Gengilog's Magic Scroll Boutique.
  3988 | D:7      | Bought a scroll of magic mapping for 49 gold pieces
  3988 | D:7      | Bought a scroll of identify for 28 gold pieces
  4027 | D:7      | Noticed Joseph
  4027 | D:7      | Paralysed by Joseph for 7 turns
  4038 | D:7      | Paralysed by Joseph for 5 turns
  4051 | D:7      | Killed Joseph
  4342 | D:7      | Found a runed translucent gate.
  4344 | D:7      | Found a runed translucent gate.
  4345 | D:7      | Found a runed translucent gate.
  4348 | D:7      | Noticed Anonymone's ghost (novice DsGl)
  4379 | D:7      | Reached skill level 11 in Unarmed Combat
  4608 | D:7      | Found a snail-covered altar of Cheibriados.
  5225 | D:8      | Reached skill level 12 in Unarmed Combat
  5251 | D:8      | Found Obbesm's Assorted Antiques.
  5265 | D:8      | Bought a small garnet amulet for 140 gold pieces
  5418 | D:9      | Noticed a troll
  5453 | D:8      | Reached XP level 10. HP: 92/102 MP: 9/9
  5567 | D:9      | Found a staircase to the Orcish Mines.
  5642 | D:9      | Found a hazy altar of Hepliaklqana.
  5657 | D:9      | Found Mazxerui's Weapon Boutique.
  5661 | D:9      | Found the +7 Kryia's mail coat {PotionHeal*2 rC+}
  6037 | D:10     | Entered Level 10 of the Dungeon
  6037 | D:10     | You fall into a shaft and drop 1 floor!
  6338 | D:10     | Reached skill level 13 in Unarmed Combat
  6456 | D:10     | Noticed Josephine
  6463 | D:10     | Killed Josephine
  6790 | D:10     | Found an iron altar of Okawaru.
  6830 | D:10     | Noticed Snorg
  6869 | D:10     | Killed Snorg
  6870 | D:10     | Reached skill level 14 in Unarmed Combat
  6986 | D:10     | Noticed a gargoyle
  6994 | D:10     | Killed a gargoyle
  6995 | D:10     | Reached XP level 11. HP: 82/113 MP: 7/10
  7240 | D:11     | Found a hide-covered altar of Uskayaw.
  7252 | D:11     | Found Decuhoeklau's Demolitions Depot.
  7257 | D:11     | Found a staircase to the Lair.
  7315 | Lair:1   | Entered Level 1 of the Lair of Beasts
  7555 | Lair:1   | Noticed a six-headed hydra
  8053 | Lair:3   | Reached skill level 15 in Unarmed Combat
  8583 | Lair:4   | Noticed an eight-headed hydra
  8590 | Lair:4   | Noticed a seven-headed hydra
  8603 | Lair:3   | HP: 2/115 [seven-headed hydra (4)]
  8606 | Lair:3   | Noticed a ghost moth
  8606 | Lair:3   | a seven-headed hydra changed into a ghost moth
  8613 | Lair:3   | Killed a ghost moth
  8720 | Lair:3   | Slain by a cane toad

Illustrated notes

Levels and vault maps discovered:
D:1:      nicolae_arrival_washed_ashore, layout_loops_ring
D:2:      layout_basic, shapermc_ecumenical_altar_rom_forum
D:3:      layout_loops_ring, amcnicky_altar_gilded
D:4:      layout_loops_cross, feat_on_display
D:5:      layout_rooms
D:6:      layout_gridville, lemuel_tele_altar, temple_statues,
          minmay_misc_feat_rugged, grunt_decor_mini_mirrors,
          uniq_crazy_yiuf_cottage, uniq_edmund
D:7:      layout_basic, nicolae_tso_besieged_by_evil,
          mainiacjoe_overflow_small_starburst, serial_shops, shop,
          gammafunk_ghost_split, serial_glass, glass_columns_a, glass_columns_b,
          uniq_joseph
D:8:      layout_rooms, serial_shops, nicolae_shop_window_shopping
D:9:      layout_long_grid, nzn_hepliaklqana_mist_gate,
          minmay_orc_entry_guard_dogs, serial_shops,
          nicolae_shop_bloodbath_and_beyond, minmay_variable_closet
D:10:     layout_roguey, marbit_many_paths, kennysheep_generic_room_6,
          uniq_josephine, uniq_snorg
D:11:     layout_stronghold, lair_entry_dummy, ebering_ghost_inner_flame,
          nicolae_blasting_shop, nicolae_uskayaw_suspiria
Temple:   lightli_temple_of_artemis
Lair:1:   layout_long_grid, nicolae_lair_grove_arrangements, lemuel_fruit_tree,
          lemuel_fruit_fields, infiniplex_staircase_pool_2
Lair:2:   layout_layer_cave, minivault_19
Lair:3:   layout_regular_city, grunt_megastairs_3
Lair:4:   layout_loops_ring, nicolae_swamp_entry_splash_gauntlet,
          dummy_snake_entry, serial_bayou_pond_c, nicolae_lair_grazing_beasts
          [nicolae_sub_lair_graze_edge, nicolae_sub_lair_graze_edge,
          nicolae_sub_lair_graze_edge, nicolae_sub_lair_graze_edge]

Skill      XL: |  1  2  3  4  5  6  7  8  9 10 11 |
---------------+----------------------------------+-----
Unarmed Combat | 4 5 6 8 10 12 14 15 | 15.5
Fighting       | 3 4 5 6 7 8 9 |  9.6
Dodging        | |  2.4
Stealth        | |  1.0

Action                   |  1- 3 |  4- 6 |  7- 9 | 10-12 || total
-------------------------+-------+-------+-------+-------++-------
Melee: Unarmed           |   108 |    69 |   312 |   195 ||   684
       Punch             |     2 |     3 |    21 |    20 ||    46
       Giant spiked club |       |       |       |    12 ||    12
       Dire flail        |       |       |       |     3 ||     3
Throw: Throwing net      |       |       |       |     3 ||     3
Evoke: Wand              |       |       |     4 |     7 ||    11
  Use: Potion            |       |     1 |     2 |     6 ||     9
       Scroll            |       |     6 |     6 |    14 ||    26
 Stab: Sleeping          |     4 |     2 |       |       ||     6
       Invisible         |       |       |     4 |       ||     4
       Held in net/web   |       |       |       |     1 ||     1
Armor: Robe              |    36 |    24 |    50 |       ||   110
       Acid dragon scale |       |       |   145 |   140 ||   285
Dodge: Dodged            |    41 |    31 |   175 |   150 ||   397
